| TOP OF THE 1ST |
|
San Jose Giants batting - Pitching for Biloxi Shuckers : RHP Johnathan Starr
|
|
Pitching: RHP Johnathan Starr
|
|
|
Batting: RHB Laroya Foronda
|
0-0: Ball 1-0: Ball 2-0: Fly out, F7 (Flyball, 7, EV 82.5 MPH)
|
|
Batting: LHB Mike Roberts
|
0-0: Ground out 4-3 (Groundball, 34D, EV 91.9 MPH)
|
|
Batting: RHB Billy Pranger
|
0-0: Ground out 1-3 (Groundball, 13, EV 63.8 MPH)
|
| Top of the 1st over - 0 runs, 0 hits, 0 errors, 0 left on base; San Jose 0 - Biloxi 0 |
| BOTTOM OF THE 1ST |
|
Biloxi Shuckers batting - Pitching for San Jose Giants : LHP Drew Roemer
|
|
Pitching: LHP Drew Roemer
|
|
|
Batting: RHB Nick Cummings
|
0-0: Foul Ball, location: 2F 0-1: Foul Ball, location: 2F 0-2: SINGLE (Groundball, 6D, EV 105.6 MPH)
|
|
Batting: LHB Jason Raker
|
0-0: Called Strike 0-1: Called Strike 0-2: Ball 1-2: Fly out, F8 (Flyball, 8RM, EV 77.5 MPH)
|
|
Batting: SHB Jerry Duffy
|
0-0: Called Strike 0-1: Ball 1-1: Ball Nick Cummings steals 2nd base (no throw) 2-1: Called Strike 2-2: Foul Ball, location: 2F 2-2: Foul Ball, location: 2F 2-2: Strikes out swinging
|
|
Batting: SHB Nick Chandler
|
0-0: Fly out, F8 (Flyball, 78D, EV 100.6 MPH)
|
| Bottom of the 1st over - 0 runs, 1 hit, 0 errors, 1 left on base; San Jose 0 - Biloxi 0 |
| TOP OF THE 2ND |
|
San Jose Giants batting - Pitching for Biloxi Shuckers : RHP Johnathan Starr
|
|
Batting: RHB Azedine Kirui
|
0-0: Ball 1-0: Ball 2-0: Called Strike 2-1: Fly out, F4 (Line Drive, 4, EV 65.6 MPH)
|
|
Batting: RHB Guillermo Mojica
|
0-0: Called Strike 0-1: SINGLE (Line Drive, 4MD, EV 96.2 MPH)
|
|
Batting: SHB David Beauchamp
|
0-0: SINGLE (Groundball, 6, EV 100.6 MPH) Guillermo Mojica to second
|
|
Batting: LHB Steve Nevis
|
0-0: SINGLE (Groundball, 6D, EV 96.9 MPH) Guillermo Mojica to third David Beauchamp to second Runner from 3rd tries for Home, SAFE, throw by CF to home
|
|
Batting: RHB Adam Noyes
|
0-0: Ball 1-0: Foul Ball, location: 2F 1-1: Foul Ball, location: 2F 1-2: Foul Ball, location: 2F 1-2: Grounds into double play, 4-6-3 (Groundball, 4M, EV 95.0 MPH)
|
| Top of the 2nd over - 1 run, 3 hits, 0 errors, 1 left on base; San Jose 1 - Biloxi 0 |
| BOTTOM OF THE 2ND |
|
Biloxi Shuckers batting - Pitching for San Jose Giants : LHP Drew Roemer
|
|
Batting: LHB Kwang-chih Men
|
0-0: Ball 1-0: Foul Ball, location: 2F 1-1: Swinging Strike 1-2: Foul Ball, location: 2F 1-2: Ball 2-2: Strikes out swinging
|
|
Batting: RHB Brian Landrum
|
0-0: Swinging Strike 0-1: Ball 1-1: Foul Ball, location: 2F 1-2: Ball 2-2: DOUBLE (Flyball, 8LXD, EV 96.9 MPH)
|
|
Batting: RHB Josh Nelson
|
0-0: Ball 1-0: Swinging Strike 1-1: Foul Ball, location: 2F 1-2: Ball 2-2: Foul Ball, location: 2F 2-2: Strikes out swinging
|
|
Batting: RHB Leo Serrano
|
0-0: Ball 1-0: Ball 2-0: Called Strike 2-1: Ground out 6-3 (Groundball, 6S, EV 84.4 MPH)
|
| Bottom of the 2nd over - 0 runs, 1 hit, 0 errors, 1 left on base; San Jose 1 - Biloxi 0 |
| TOP OF THE 3RD |
|
San Jose Giants batting - Pitching for Biloxi Shuckers : RHP Johnathan Starr
|
|
Batting: RHB Alex Belton
|
0-0: Fly out, F6 (Line Drive, 6, EV 66.9 MPH)
|
|
Batting: RHB Laroya Foronda
|
0-0: Called Strike 0-1: Foul Ball, location: 2F 0-2: Ball 1-2: Ball 2-2: Ground out U3 (Groundball, 3, EV 81.2 MPH)
|
|
Batting: LHB Mike Roberts
|
0-0: Ball 1-0: Ball 2-0: Ball 3-0: Called Strike 3-1: Swinging Strike 3-2: Strikes out swinging
|
| Top of the 3rd over - 0 runs, 0 hits, 0 errors, 0 left on base; San Jose 1 - Biloxi 0 |
| BOTTOM OF THE 3RD |
|
Biloxi Shuckers batting - Pitching for San Jose Giants : LHP Drew Roemer
|
|
Batting: RHB Victor Alarcon
|
0-0: Ball 1-0: Ball 2-0: Called Strike 2-1: Ball 3-1: SINGLE (Line Drive, 89S, EV 103.1 MPH)
|
|
Batting: RHB Nick Cummings
|
0-0: Ball 1-0: Foul Ball, location: 2F 1-1: Called Strike 1-2: Grounds into double play, 6-4-3 (Groundball, 6, EV 78.1 MPH)
|
|
Batting: LHB Jason Raker
|
0-0: Called Strike 0-1: Ball 1-1: Foul Ball, location: 2F 1-2: Ball 2-2: Ball 3-2: Fly out, F5 (Line Drive, 5, EV 69.4 MPH)
|
| Bottom of the 3rd over - 0 runs, 1 hit, 0 errors, 0 left on base; San Jose 1 - Biloxi 0 |
| TOP OF THE 4TH |
|
San Jose Giants batting - Pitching for Biloxi Shuckers : RHP Johnathan Starr
|
|
Batting: RHB Billy Pranger
|
0-0: Ball 1-0: Called Strike 1-1: Fly out, F7 (Flyball, 78M, EV 98.1 MPH)
|
|
Batting: RHB Azedine Kirui
|
0-0: Ball 1-0: SINGLE (Groundball, 56D, EV 101.9 MPH)
|
|
Batting: RHB Guillermo Mojica
|
0-0: Grounds into double play, 6-4-3 (Groundball, 6, EV 111.2 MPH)
|
| Top of the 4th over - 0 runs, 1 hit, 0 errors, 0 left on base; San Jose 1 - Biloxi 0 |
| BOTTOM OF THE 4TH |
|
Biloxi Shuckers batting - Pitching for San Jose Giants : LHP Drew Roemer
|
|
Batting: SHB Jerry Duffy
|
0-0: Called Strike 0-1: Foul Ball, location: 2F 0-2: Foul Ball, location: 2F 0-2: Ball 1-2: Foul Ball, location: 2F 1-2: Foul Ball, location: 2F 1-2: Ball 2-2: Fly out, F8 (Flyball, 89XD, EV 100.0 MPH)
|
|
Batting: SHB Nick Chandler
|
0-0: Fly out, F7 (Flyball, 7LMF, EV 95.6 MPH)
|
|
Batting: LHB Kwang-chih Men
|
0-0: Swinging Strike 0-1: Ball 1-1: Foul Ball, location: 2F 1-2: Foul Ball, location: 2F 1-2: Ground out 4-3 (Groundball, 4, EV 85.6 MPH)
|
| Bottom of the 4th over - 0 runs, 0 hits, 0 errors, 0 left on base; San Jose 1 - Biloxi 0 |
| TOP OF THE 5TH |
|
San Jose Giants batting - Pitching for Biloxi Shuckers : RHP Johnathan Starr
|
|
Batting: SHB David Beauchamp
|
0-0: Ball 1-0: Ball 2-0: Called Strike 2-1: Called Strike 2-2: Ball 3-2: Foul Ball, location: 2F 3-2: Foul Ball, location: 2F 3-2: SINGLE (Flyball, 7, EV 90.0 MPH)
|
|
Batting: LHB Steve Nevis
|
0-0: Fly out, F7 (Flyball, 7, EV 93.1 MPH)
|
|
Batting: RHB Adam Noyes
|
0-0: Fielders Choice at 2nd, 2-6 (Groundball, 2R, EV 61.9 MPH)
|
|
Batting: RHB Alex Belton
|
0-0: Ball 1-0: Ball 2-0: Swinging Strike 2-1: 2-RUN HOME RUN (Flyball, 9D, EV 93.8 MPH), Distance : 364 ft
|
|
Batting: RHB Laroya Foronda
|
0-0: Ground out 4-3 (Groundball, 4D, EV 110.6 MPH)
|
| Top of the 5th over - 2 runs, 2 hits, 0 errors, 0 left on base; San Jose 3 - Biloxi 0 |
| BOTTOM OF THE 5TH |
|
Biloxi Shuckers batting - Pitching for San Jose Giants : LHP Drew Roemer
|
|
Batting: RHB Brian Landrum
|
0-0: Ball 1-0: Called Strike 1-1: Ball 2-1: Fly out, F9 (Flyball, 9S, EV 86.9 MPH)
|
|
Batting: RHB Josh Nelson
|
0-0: Ball 1-0: SINGLE (Line Drive, 8RS, EV 90.0 MPH)
|
|
Batting: RHB Leo Serrano
|
0-0: Grounds into double play, 4-6-3 (Groundball, 34S, EV 89.4 MPH)
|
| Bottom of the 5th over - 0 runs, 1 hit, 0 errors, 0 left on base; San Jose 3 - Biloxi 0 |
| TOP OF THE 6TH |
|
San Jose Giants batting - Pitching for Biloxi Shuckers : RHP Johnathan Starr
|
|
Batting: LHB Mike Roberts
|
0-0: Ball 1-0: SINGLE (Groundball, 6M, EV 103.1 MPH) (infield hit)
|
|
Batting: RHB Billy Pranger
|
0-0: Fly out, F8 (Flyball, 8LXD, EV 78.1 MPH)
|
|
Batting: RHB Azedine Kirui
|
0-0: Ball 1-0: Called Strike 1-1: SINGLE (Groundball, 6D, EV 95.0 MPH) Mike Roberts to second
|
|
Batting: RHB Guillermo Mojica
|
0-0: Foul Ball, location: 2F 0-1: Ball 1-1: Ball 2-1: Foul Ball, location: 2F 2-2: Foul Ball, location: 2F 2-2: Fly out, F8 (Flyball, 8LXD, EV 88.8 MPH) Runner from 2nd tags up, SAFE at 3rd, no throw by CF
|
|
Batting: SHB David Beauchamp
|
0-0: Ball 1-0: Ball 2-0: Ball 3-0: Called Strike 3-1: Foul Ball, location: 2F 3-2: Strikes out swinging
|
| Top of the 6th over - 0 runs, 2 hits, 0 errors, 2 left on base; San Jose 3 - Biloxi 0 |
| BOTTOM OF THE 6TH |
|
Biloxi Shuckers batting - Pitching for San Jose Giants : LHP Drew Roemer
|
|
Batting: RHB Victor Alarcon
|
0-0: Ball 1-0: Ball 2-0: Called Strike 2-1: Swinging Strike 2-2: Ball 3-2: Ground out 5-3 (Groundball, 56S, EV 68.1 MPH)
|
|
Batting: RHB Nick Cummings
|
0-0: Called Strike 0-1: Ball 1-1: Swinging Strike 1-2: Foul Ball, location: 2F 1-2: Strikes out swinging
|
|
Batting: LHB Jason Raker
|
0-0: Ground out 4-3 (Groundball, 4, EV 79.4 MPH)
|
| Bottom of the 6th over - 0 runs, 0 hits, 0 errors, 0 left on base; San Jose 3 - Biloxi 0 |
| TOP OF THE 7TH |
|
San Jose Giants batting - Pitching for Biloxi Shuckers : RHP Johnathan Starr
|
|
Batting: LHB Steve Nevis
|
0-0: Called Strike 0-1: SOLO HOME RUN (Flyball, 9D, EV 95.6 MPH), Distance : 359 ft
|
|
Batting: RHB Adam Noyes
|
0-0: Called Strike 0-1: Ball 1-1: Swinging Strike 1-2: SINGLE (Groundball, 4MD, EV 96.9 MPH)
|
|
Batting: RHB Alex Belton
|
0-0: Ball 1-0: Ball 2-0: Ball Wild Pitch! Adam Noyes to second 3-0: Called Strike 3-1: Called Strike 3-2: Base on Balls
|
|
Batting: RHB Laroya Foronda
|
0-0: Ball 1-0: Called Strike 1-1: Ball 2-1: Sac Bunt to 13 - play at first, batter OUT! 1-4 Adam Noyes to third Alex Belton to second
|
|
Batting: LHB Mike Roberts
|
0-0: Intentional Walk
|
|
Batting: RHB Billy Pranger
|
0-0: Ball 1-0: Swinging Strike 1-1: Ball 2-1: Foul Ball, location: 2F 2-2: Fly out, F9 (Flyball, 9D, EV 101.2 MPH) Runner from 3rd tags up, SCORES, no throw by RF
|
|
Pitching: RHP Eddie Becerra
|
|
|
Batting: RHB Azedine Kirui
|
0-0: Called Strike 0-1: Ball 1-1: SINGLE (Line Drive, 7S, EV 89.4 MPH) Alex Belton to third Mike Roberts to second Runner from 3rd tries for Home, SAFE, throw by LF to home
|
|
Batting: RHB Guillermo Mojica
|
0-0: Called Strike 0-1: Fielders Choice at 2nd, 5-4 (Groundball, 5, EV 88.8 MPH)
|
| Top of the 7th over - 3 runs, 3 hits, 0 errors, 2 left on base; San Jose 6 - Biloxi 0 |
| BOTTOM OF THE 7TH |
|
Biloxi Shuckers batting - Pitching for San Jose Giants : LHP Drew Roemer
|
|
Batting: SHB Jerry Duffy
|
0-0: SINGLE (Line Drive, 8RS, EV 98.1 MPH)
|
|
Batting: SHB Nick Chandler
|
0-0: Called Strike 0-1: Ball 1-1: Grounds out, U3 (Groundball, 3L, EV 106.9 MPH)
|
|
Batting: LHB Kwang-chih Men
|
0-0: Foul Ball, location: 2F 0-1: Ball 1-1: Foul Ball, location: 2F 1-2: Foul Ball, location: 2F 1-2: Strikes out looking
|
|
Batting: RHB Brian Landrum
|
0-0: Called Strike 0-1: Ball 1-1: Ball 2-1: Swinging Strike 2-2: Foul Ball, location: 2F 2-2: Foul Ball, location: 2F 2-2: Ball 3-2: Foul Ball, location: 2F 3-2: SINGLE (Line Drive, 89S, EV 93.8 MPH) Jerry Duffy to third Runner from 3rd tries for Home, SAFE, throw by RF to home
|
|
Pitching: RHP Julio Arteaga
|
|
|
Batting: RHB Josh Nelson
|
0-0: Called Strike 0-1: Ball 1-1: Called Strike 1-2: SINGLE (Line Drive, 89S, EV 100.0 MPH) Brian Landrum to second Runner from 2nd tries for 3rd, SAFE, throw by CF made to third
|
|
Batting: RHB Leo Serrano
|
0-0: Ball 1-0: Called Strike 1-1: Ball Josh Nelson steals 2nd base 2-1: Swinging Strike 2-2: Ground out 6-3 (Groundball, 6M, EV 99.4 MPH)
|
| Bottom of the 7th over - 1 run, 3 hits, 0 errors, 2 left on base; San Jose 6 - Biloxi 1 |
| TOP OF THE 8TH |
|
San Jose Giants batting - Pitching for Biloxi Shuckers : RHP Eddie Becerra
|
|
Batting: SHB David Beauchamp
|
0-0: Called Strike 0-1: Swinging Strike 0-2: Ball 1-2: Ground out 4-3 (Groundball, 4, EV 88.8 MPH)
|
|
Batting: LHB Steve Nevis
|
0-0: Ground out 6-3 (Groundball, 6, EV 89.4 MPH)
|
|
Batting: RHB Adam Noyes
|
0-0: Called Strike 0-1: Swinging Strike 0-2: Hit by Pitch
|
|
Batting: RHB Alex Belton
|
0-0: Called Strike Adam Noyes steals 2nd base 0-1: Called Strike 0-2: Strikes out swinging
|
| Top of the 8th over - 0 runs, 0 hits, 0 errors, 1 left on base; San Jose 6 - Biloxi 1 |
| BOTTOM OF THE 8TH |
|
Biloxi Shuckers batting - Pitching for San Jose Giants : RHP Julio Arteaga
|
|
Batting: RHB Victor Alarcon
|
0-0: Swinging Strike 0-1: Ball 1-1: Ball 2-1: Called Strike 2-2: Foul Ball, location: 2F 2-2: Foul Ball, location: 2F 2-2: Foul Ball, location: 2F 2-2: Ball 3-2: Ground out 6-3 (Groundball, 6M, EV 100.0 MPH)
|
|
Batting: RHB Nick Cummings
|
0-0: Ball 1-0: Called Strike 1-1: Ball 2-1: Called Strike 2-2: Foul Ball, location: 2F 2-2: SINGLE (Line Drive, 8LS, EV 101.2 MPH)
|
|
Batting: LHB Jason Raker
|
0-0: Ball 1-0: Foul Ball, location: 2F 1-1: Ball 2-1: Swinging Strike 2-2: Foul Ball, location: 2F 2-2: Ball 3-2: SINGLE (Groundball, 34D, EV 98.1 MPH) Nick Cummings to second Nick Cummings to third
|
|
Batting: SHB Jerry Duffy
|
0-0: Called Strike 0-1: Ball 1-1: SINGLE (Line Drive, 9S, EV 94.4 MPH) Nick Cummings scores Jason Raker to second Runner from 2nd tries for 3rd, SAFE, throw by RF made to third
|
|
Batting: SHB Nick Chandler
|
0-0: Ball 1-0: Grounds into double play, 4-6-3 (Groundball, 4M, EV 76.2 MPH)
|
| Bottom of the 8th over - 1 run, 3 hits, 0 errors, 1 left on base; San Jose 6 - Biloxi 2 |
| TOP OF THE 9TH |
|
San Jose Giants batting - Pitching for Biloxi Shuckers : RHP Eddie Becerra
|
|
Batting: RHB Laroya Foronda
|
0-0: Called Strike 0-1: Swinging Strike 0-2: Ball 1-2: Strikes out looking
|
|
Batting: LHB Mike Roberts
|
0-0: Called Strike 0-1: Ball 1-1: Fly out, F9 (Line Drive, 8RM, EV 90.0 MPH)
|
|
Batting: RHB Billy Pranger
|
0-0: Ball 1-0: Swinging Strike 1-1: Called Strike 1-2: Foul Ball, location: 2F 1-2: Ball 2-2: Ball 3-2: Base on Balls
|
|
Batting: RHB Azedine Kirui
|
0-0: Ground out 4-3 (Groundball, 4, EV 103.8 MPH)
|
| Top of the 9th over - 0 runs, 0 hits, 0 errors, 1 left on base; San Jose 6 - Biloxi 2 |
| BOTTOM OF THE 9TH |
|
Biloxi Shuckers batting - Pitching for San Jose Giants : RHP Julio Arteaga
|
|
Pitching: RHP Isidro Aguirre
|
|
|
Now at 1B: Tony Mendez
|
|
|
Now at 2B: Alex Belton
|
|
|
Now at SS: Yeong-hun Joe
|
|
|
Batting: LHB Kwang-chih Men
|
0-0: Ball 1-0: Called Strike 1-1: Swinging Strike 1-2: Foul Ball, location: 2F 1-2: Strikes out looking
|
|
Batting: RHB Brian Landrum
|
0-0: Called Strike 0-1: Ground out 6-3 (Groundball, 6, EV 92.5 MPH)
|
|
Batting: RHB Josh Nelson
|
0-0: Called Strike 0-1: Ball 1-1: Foul Ball, location: 2F 1-2: Strikes out swinging
|
| Bottom of the 9th over - 0 runs, 0 hits, 0 errors, 0 left on base; San Jose 6 - Biloxi 2 |
|